 Dungeon Crawl Stone Soup version 0.30-a0-242-g7bf8e6d787 (webtiles) character file.

Game seed: 8148039114601215465

33 IdlyInterested the Trooper (level 3, 0/29 HPs)
             Began as a Demonspawn Wanderer on Oct 11, 2022.
             Slain by a worm (4 damage)
             ... on level 2 of the Dungeon.
             The game lasted 00:04:09 (1161 turns).

IdlyInterested the Trooper (Demonspawn Wanderer)    Turns: 1161, Time: 00:04:10

Health: 0/29       AC:  4    Str: 12    XL:     3   Next: 12%
Magic:  6/6        EV: 11    Int: 13    God:
Gold:   34         SH:  0    Dex: 14    Spells: 6/6 levels left

rFire   + . .      SeeInvis .    a - +3 short sword
rCold   . . .      Faith    .    (no shield)
rNeg    . . .      Spirit   .    i - +0 leather armour
rPois   .          Reflect  .    (no helmet)
rElec   .          Harm     .    k - +0 cloak
rCorr   .          Rampage  .    (no gloves)
Will    .....                    (no boots)
Stlth   +.........               (no amulet)
HPRegen 0.24/turn                e - ring of protection from fire
MPRegen 0.20/turn                (no ring)

@: no status effects
A: magic regeneration, demonic touch 1
a: no special abilities


You were on level 2 of the Dungeon.
You visited 1 branch of the dungeon, and saw 2 of its levels.

You collected 34 gold pieces.

Inventory:

Hand Weapons
 a - a +3 short sword (weapon)
Missiles
 g - 25 stones (quivered)
 l - 6 poisoned darts
Armour
 c - a +0 robe
 i - a +0 leather armour (worn)
 k - a +0 cloak (worn)
Jewellery
 e - a ring of protection from fire (left hand)
Scrolls
 d - a scroll of enchant armour {unknown}
Potions
 b - a potion of attraction
 f - a potion of flight


   Skills:
 - Level 3.1 Fighting
 - Level 2.6 Short Blades
 - Level 1.0 Armour
 + Level 1.2 Dodging
 - Level 1.0 Stealth
 * Level 0.2 Unarmed Combat
 - Level 2.0 Spellcasting
 - Level 1.1 Necromancy


You had 6 spell levels left.
You didn't know any spells.
Your spell library contained the following spells:

 Spells                   Type           Power      Damage    Failure   Level
 Sublimation of Blood     Necr           4%         N/A       30%         2
 Beastly Appendage        Tmut           2%         N/A       32%         1
 Sandblast                Erth           2%         2d4       32%         1
 Cigotuvi's Dreadful Rot  Necr/Pois/Air  4%         N/A       38%         2
 Passwall                 Tmut/Erth      0%         N/A       43%         2
 Wereblood                Tmut           1%         N/A       43%         2
 Gell's Gravitas          Tloc           1%         N/A       67%         3
 Lesser Beckoning         Tloc           2%         N/A       67%         3
 Spider Form              Tmut/Pois      1%         N/A       67%         3
 Stone Arrow              Conj/Erth      2%         3d7       67%         3
 Teleport Other           Tloc           1%         N/A       67%         3


Dungeon Overview and Level Annotations

Branches:
Dungeon (2/15)

Altars:


Innate Abilities, Weirdness & Mutations

You regenerate magic rapidly.
Your touch may inflict minor irresistible damage on your foes.


Message History

You hit the endoplasm.
You kill the endoplasm!
Things that are here:
a +0 sling; a hobgoblin corpse You see here a +0 hand axe.
A kobold comes into view. It is wielding a +0 whip.
The kobold throws a stone.
The stone hits you but does no damage.
A rat comes into view.
Found a scroll labelled SEXIDO DIAM.
You barely miss the kobold.
You touch the kobold.
You kill the kobold!
Found a stone staircase leading down.
Items here: ! $ ( ).
You closely miss the rat. The rat closely misses you.
You barely miss the rat.
You touch the rat.
You kill the rat!
g - 25 stones (gained 4);
f - a bubbling clear potion You now have 34 gold pieces (gained 13).
You see here a +0 whip.
As you read the scroll of identify, it crumbles to dust.
f - a potion of flight A worm comes into view.
The worm bites you!
You hit the worm.
You touch the worm!
The worm is severely wounded.
You hit the worm but do no damage.
The worm is severely wounded.
The worm bites you!
You hit the worm.
The worm is severely wounded.
You hit the worm.
The worm is severely wounded.
The worm bites you!
* * * LOW HITPOINT WARNING * * *
You barely miss the worm.
The worm is severely wounded.
You hit the worm. Your touch misses the worm.
The worm is almost dead.
The worm bites you.
You die...

........# ...............
........### .........†..#...
....).#...#######........#.######
..........)............#...#
####....#..######..........####
#..........................###
#.....#...##..................
#.♣.♣.........................
#......##)###@.?.#..#.........
♣.♣.♣......##.w.......#####...
......#..............# #...
.♣.♣...............# #...
...........>......# ♣♣♣ ##.. ###
.♣.♣...............♣ .P♣♣...
..#..# ..#...........#.♣ .......
..>................#.#.♣ P.♣...
...... ♣♣♣....


You could see a worm.

Vanquished Creatures
  A worm (D:2)
  A dart slug (D:2)
  4 bats (D:1)
  3 endoplasms
  A giant cockroach (D:1)
  2 hobgoblins
  2 jackals (D:2)
  3 kobolds (D:2)
  2 quokkas
  A frilled lizard (D:1)
  2 goblins
  4 rats
26 creatures vanquished.

Notes
Turn   | Place    | Note
-------+----------+-------------------------------------------
     0 | D:1      | IdlyInterested the Demonspawn Wanderer began the quest for
                  | the Orb.
     0 | D:1      | IdlyInterested set off with the following items: a +3 short
                  | sword, a potion of attraction, a +0 robe; and the following
                  | spells available to memorise: Sublimation of Blood,
                  | Cigotuvi's Dreadful Rot.
     0 | D:1      | Reached XP level 1. HP: 16/16 MP: 3/3
   245 | D:1      | Gained mutation: You regenerate magic rapidly. [demonic
                  | ancestry]
   245 | D:1      | Reached XP level 2. HP: 23/23 MP: 5/5
   835 | D:2      | Reached skill level 1 in Dodging
   975 | D:2      | Reached skill level 3 in Fighting
  1084 | D:2      | Gained mutation: Your touch may inflict minor irresistible
                  | damage on your foes. [demonic ancestry]
  1084 | D:2      | Reached XP level 3. HP: 25/29 MP: 6/6
  1161 | D:2      | Slain by a worm

Illustrated notes

Levels and vault maps discovered:
D:1:      dpeg_arrival_rooms_a, layout_loops_cross
D:2:      layout_rooms, serial_forest, infiniplex_forest_corner_2,
          infiniplex_forest_end_2, infiniplex_forest_end_1,
          infiniplex_forest_side_room, infiniplex_forest_end_1,
          infiniplex_forest_end_1, infiniplex_forest_lined_3_way,
          infiniplex_forest_zigzag_1, uniq_crazy_yiuf_cottage

Skill      XL: |  1  2 |
---------------+-------+-----
Dodging        | 1 |  1.2
Fighting       | 3 |  3.1
Short Blades   | |  2.6
Armour         | |  1.0
Stealth        | |  1.0
Unarmed Combat | |  0.2
Spellcasting   | |  2.0
Necromancy     | |  1.1

Action                   || total
-------------------------++-------
Melee: Short sword       ||    79
       Touch             ||     3
  Use: Scroll            ||     5
       Potion            ||     1
 Stab: Sleeping          ||     3
Armor: Robe              ||     7
       Leather armour    ||    21
Dodge: Dodged            ||    44

Table legend: (Time is in decaauts)
 A = Elapsed time spent in this place.
 B = Non-inter-level travel time spent in this place.
 C = Inter-level travel time spent in this place.
 D = Time resting spent in this place.
 E = Time spent auto-exploring this place.
 F = Levels seen in this place.
 G = Mean time per level.
                   A        B        C        D        E       F      G
               +--------+--------+--------+--------+--------+-----+--------+
         Total |   1150 |    996 |    154 |     42 |    706 |   2 |  575.0 |
       Dungeon |   1150 |    996 |    154 |     42 |    706 |   2 |  575.0 |
               +--------+--------+--------+--------+--------+-----+--------+

Top non-repeatable levels by time:
     D:1: 854 daAuts
     D:2: 296 daAuts
